Blues vs Rangers
Created - December 8, 2022 at 19:34
Goals
|
| Blues |
1 |
1 |
4 |
6 |
| Rangers |
0 |
2 |
0 |
2 |
|
Shots
|
| Blues |
18 |
8 |
13 |
39 |
| Rangers |
16 |
9 |
11 |
36 |
|
1st period
1. Blues , Nathan MacKinnon 4 (Alex Pietrangelo 9, Brandon Montour 3) at 17:26
Penalties :
No Penalty
2nd period
2. Blues , Matt Martin 5 (Devin Setoguchi 4) at 0:55
3. Rangers , Milan Lucic 9 (Cale Makar 18, Sean Couturier 12) at 8:54
4. Rangers , Patrik Nemeth 1 (Sean Couturier 13, Milan Lucic 8) at 9:36
Penalties :
Nikolaj Ehlers (Stl) for Hooking (Minor) at 3:09, Ryan Strome (NyR) for Hooking (Minor) at 6:49
3rd period
5. Blues , Nathan MacKinnon 5 (Nikolaj Ehlers 8, David Perron 4) at 1:32
6. Blues , Nathan MacKinnon 6 (David Perron 5, Seth Jones 9) at 4:14
7. Blues , Nathan MacKinnon 7 (David Perron 6) at 6:34
8. Blues , David Perron 7 (Nikolaj Ehlers 9, Nathan MacKinnon 9) at 19:05
Penalties :
Filip Forsberg (Stl) for Elbowing (Minor) at 8:13, Matt Martin (Stl) for High sticking (Minor) at 16:06
Goalie Stats
Carey Price (Stl), 34 saves from 36 shots - (0.944), W, 8-3-2, 60:00 minutes
Frederik Andersen (NyR), 33 saves from 39 shots - (0.846), L, 3-4-1, 60:00 minutes
Players Stats for Blues
Player Name G A P +/- PIM S H SB GA TA FO MP PP MP PK MP
------------------------------------------------------------------------------------
Alex Pietrangelo 0 1 1 1 0 3 2 0 1 1 0/0 21:08 1:19 0:00
Brandon Montour 0 1 1 3 0 0 1 2 0 0 0/0 23:33 0:40 1:31
Cody Ceci 0 0 0 0 0 0 2 1 0 0 0/0 19:51 0:00 4:26
David Perron 1 3 4 4 0 3 4 0 2 0 1/4 17:20 0:20 0:39
Devin Setoguchi 0 1 1 1 0 1 0 0 0 0 0/0 10:21 0:00 0:00
Devin Shore 0 0 0 1 0 1 2 0 0 0 2/5 11:34 0:00 0:57
Drew Shore 0 0 0 0 0 0 0 1 0 0 5/10 10:37 0:00 4:01
Filip Forsberg 0 0 0 -1 2 1 1 0 1 0 0/2 20:13 1:39 0:00
Jacob Slavin 0 0 0 2 0 2 0 1 0 1 0/0 19:46 1:19 1:31
Martin Marincin 0 0 0 2 0 1 1 0 0 2 0/0 14:53 0:00 4:26
Matt Martin 1 0 1 1 2 2 4 0 0 0 0/0 10:27 0:00 0:00
Nathan MacKinnon 4 1 5 4 0 7 0 0 1 0 8/14 16:41 0:20 0:00
Nick Schmaltz 0 0 0 0 0 1 2 0 0 1 1/1 6:36 0:00 0:00
Nikolaj Ehlers 0 2 2 4 2 4 3 0 0 0 0/0 16:44 0:20 0:00
Samuel Morin 0 0 0 0 0 2 1 0 0 0 0/0 7:46 0:00 0:59
Seth Jones 0 1 1 0 0 1 3 1 1 2 0/0 20:49 0:40 0:00
Tyler Johnson 0 0 0 -1 0 5 1 0 2 1 1/1 24:33 1:39 4:19
Tyler Seguin 0 0 0 -1 0 5 3 0 0 0 14/26 21:08 1:39 0:59
Players Stats for Rangers
Player Name G A P +/- PIM S H SB GA TA FO MP PP MP PK MP
------------------------------------------------------------------------------------
Cale Makar 0 1 1 0 0 1 0 1 1 0 0/0 23:02 3:42 0:00
Devante Smith-Pelly 0 0 0 0 0 3 1 0 1 0 1/1 14:42 2:51 0:46
Dmitry Kulikov 0 0 0 -2 0 1 2 3 2 2 0/0 19:31 2:15 0:56
Henrik Samuelsson 0 0 0 0 0 0 1 1 0 0 3/4 10:59 0:00 0:00
Luke Schenn 0 0 0 0 0 3 1 5 0 1 0/0 24:07 3:42 1:03
Magnus Paajarvi 0 0 0 -2 0 1 3 0 0 0 1/1 18:16 2:51 0:46
Maxime Sauvé 0 0 0 -2 0 1 1 1 0 0 3/7 9:55 0:00 0:58
Mikhail Sergachev 0 0 0 -2 0 0 1 0 0 1 0/0 17:18 0:00 0:56
Milan Lucic 1 1 2 0 0 4 2 2 2 0 0/1 20:30 3:04 0:00
Patrik Nemeth 1 0 1 -2 0 2 0 0 1 2 0/0 17:27 0:00 1:03
Richard Panik 0 0 0 -2 0 1 0 1 0 0 0/0 9:17 0:02 0:15
Ryan Dzingel 0 0 0 0 0 4 0 0 0 0 0/0 11:02 0:02 0:00
Ryan Strome 0 0 0 0 2 1 2 0 0 1 1/3 20:31 3:04 0:00
Sean Couturier 0 2 2 0 0 4 3 0 0 1 18/33 20:47 3:04 0:15
Stefan Noesen 0 0 0 -2 0 2 1 0 0 0 0/0 14:36 0:02 0:00
T.J Galiardi 0 0 0 -2 0 2 1 1 0 0 0/0 9:55 0:00 0:58
Tomas Hertl 0 0 0 -2 0 6 1 1 0 0 4/13 17:30 2:51 0:00
Vince Dunn 0 0 0 -2 0 0 0 1 1 0 0/0 18:35 2:15 0:00
3 Stars
1 - Nathan MacKinnon (Stl)
2 - David Perron (Stl)
3 - Nikolaj Ehlers (Stl)
Power Play
Blues - 0 on 1 Attempt(s) - 0.00%
Rangers - 0 on 3 Attempt(s) - 0.00%
Penalty Kill
Blues - 3 on 3 Attempt(s) - 100.00%
- Score 0 goal in Penalty Kill
Rangers - 1 on 1 Attempt(s) - 100.00%
- Score 0 goal in Penalty Kill
Team Stat
Blues - Hits : 30 - Faceoff Wins : 32 - Blocked Shots : 6 - Penalty Minutes : 6
Rangers - Hits : 20 - Faceoff Wins : 31 - Blocked Shots : 17 - Penalty Minutes : 2
Official
Referees : Garrett Rank and Graham Skilliter
Linesman : Trent Knorr and Kiel Murchison
Game Notes
Nathan MacKinnon has scored a Hat Trick!
Finance
Level 1 -- Attendance: 6000 (100.00%) -- Ticket Income $600,000
Level 2 -- Attendance: 4603 (92.06%) -- Ticket Income $276,180
Level 3 -- Attendance: 1889 (94.45%) -- Ticket Income $66,115
Level 4 -- Attendance: 3578 (89.45%) -- Ticket Income $89,450
Luxury Box -- Attendance: 967 (96.70%) -- Ticket Income $193,400
Game was played at the Madison Square Garden.
Total Attendance: 17037 (94.65%)
Total Ticket Income: $1,225,145
Other Income: $183,772
Total Income: $1,408,917
Blues
5 vs 5 Forward
Center Left Wing Right Wing Time % Phy DF OF
1 Tyler Seguin Filip Forsberg Tyler Johnson 40 1 2 2
2 Nathan MacKinnon David Perron Nikolaj Ehlers 30 1 2 2
3 Devin Shore Matt Martin Devin Setoguchi 20 1 2 2
4 Drew Shore Samuel Morin Nick Schmaltz 10 1 2 2
5 vs 5 Defense
Defense Defense Time % Phy DF OF
1 Alex Pietrangelo Brandon Montour 40 1 2 2
2 Cody Ceci Seth Jones 30 1 2 2
3 Martin Marincin Jacob Slavin 20 1 2 2
4 Seth Jones Jacob Slavin 10 1 2 2
PowerPlay Forward
Center Left Wing Right Wing Time % Phy DF OF
1 Tyler Seguin Filip Forsberg Tyler Johnson 60 1 2 2
2 Nathan MacKinnon David Perron Nikolaj Ehlers 40 1 2 2
PowerPlay Defense
Defense Defense Time % Phy DF OF
1 Alex Pietrangelo Jacob Slavin 60 1 2 2
2 Brandon Montour Seth Jones 40 1 2 2
Penalty Kill 4 Players Forward
Center Wing Time % Phy DF OF
1 Drew Shore Tyler Johnson 60 1 2 2
2 Tyler Seguin Samuel Morin 40 1 2 2
Penalty Kill 4 Players Defense
Defense Defense Time % Phy DF OF
1 Cody Ceci Martin Marincin 60 1 2 2
2 Jacob Slavin Brandon Montour 40 1 2 2
Penalty Kill - 3 Players Forward
Forward Time % Phy DF OF
1 Tyler Seguin 60 1 2 2
2 Drew Shore 40 1 2 2
Penalty Kill - 3 Players Defense
Defense Defense Time % Phy DF OF
1 Cody Ceci Martin Marincin 60 1 2 2
2 Seth Jones Brandon Montour 40 1 2 2
4 vs 4 Forward
Center Wing Time % Phy DF OF
1 Tyler Seguin Filip Forsberg 60 1 2 2
2 Nathan MacKinnon Tyler Johnson 40 1 2 2
4 vs 4 Defense
Defense Defense Time % Phy DF OF
1 Alex Pietrangelo Martin Marincin 60 1 2 2
2 Brandon Montour Seth Jones 40 1 2 2
Last Minutes Offensive
Center Left Wing Right Wing Defense Defense
Tyler Seguin Filip Forsberg Tyler Johnson Alex Pietrangelo Seth Jones
Last Minutes Defensive
Center Left Wing Right Wing Defense Defense
Drew Shore Samuel Morin Tyler Johnson Cody Ceci Martin Marincin
Goaltenders
Starting : Carey Price
Backup : Joonas Korpisalo
Extra Forwards
Normal : Nikolaj Ehlers, Devin Shore, Nick Schmaltz - PP : Devin Setoguchi, Devin Shore - PK : Tyler Johnson
Extra Defensemen
Normal : Martin Marincin, Brandon Montour, Jacob Slavin - PP : Brandon Montour - PK : Alex Pietrangelo, Brandon Montour
Penalty Shots
David Perron, Tyler Seguin, Matt Martin, Filip Forsberg, Devin Shore
Scratches
Linus Omark (Healthy), Patrick Kaleta (Healthy)
Rangers
5 vs 5 Forward
Center Left Wing Right Wing Time % Phy DF OF
1 Sean Couturier Milan Lucic Ryan Strome 35 1 2 2
2 Tomas Hertl Magnus Paajarvi Stefan Noesen 30 1 2 2
3 Henrik Samuelsson Ryan Dzingel Devante Smith-Pelly 20 1 2 2
4 Maxime Sauvé T.J Galiardi Richard Panik 15 1 2 2
5 vs 5 Defense
Defense Defense Time % Phy DF OF
1 Luke Schenn Cale Makar 30 1 2 2
2 Dmitry Kulikov Vince Dunn 30 1 2 2
3 Patrik Nemeth Mikhail Sergachev 30 1 2 2
4 Luke Schenn Cale Makar 10 1 2 2
PowerPlay Forward
Center Left Wing Right Wing Time % Phy DF OF
1 Sean Couturier Milan Lucic Ryan Strome 60 1 1 3
2 Tomas Hertl Magnus Paajarvi Devante Smith-Pelly 40 1 1 3
PowerPlay Defense
Defense Defense Time % Phy DF OF
1 Luke Schenn Cale Makar 60 1 1 3
2 Dmitry Kulikov Vince Dunn 40 1 1 3
Penalty Kill 4 Players Forward
Center Wing Time % Phy DF OF
1 Maxime Sauvé T.J Galiardi 60 1 3 1
2 Sean Couturier Richard Panik 40 1 3 1
Penalty Kill 4 Players Defense
Defense Defense Time % Phy DF OF
1 Luke Schenn Patrik Nemeth 60 1 3 1
2 Dmitry Kulikov Mikhail Sergachev 40 1 3 1
Penalty Kill - 3 Players Forward
Forward Time % Phy DF OF
1 Maxime Sauvé 60 1 3 1
2 Sean Couturier 40 1 3 1
Penalty Kill - 3 Players Defense
Defense Defense Time % Phy DF OF
1 Luke Schenn Patrik Nemeth 60 1 3 1
2 Dmitry Kulikov Mikhail Sergachev 40 1 2 2
4 vs 4 Forward
Center Wing Time % Phy DF OF
1 Henrik Samuelsson Stefan Noesen 60 1 2 2
2 Tomas Hertl Milan Lucic 40 1 2 2
4 vs 4 Defense
Defense Defense Time % Phy DF OF
1 Vince Dunn Mikhail Sergachev 60 1 2 2
2 Dmitry Kulikov Cale Makar 40 1 2 2
Last Minutes Offensive
Center Left Wing Right Wing Defense Defense
Sean Couturier Milan Lucic Ryan Strome Luke Schenn Dmitry Kulikov
Last Minutes Defensive
Center Left Wing Right Wing Defense Defense
Sean Couturier Milan Lucic Ryan Strome Luke Schenn Dmitry Kulikov
Goaltenders
Starting : Frederik Andersen
Backup : Samuel Montembeault
Extra Forwards
Normal : Devante Smith-Pelly, Richard Panik, T.J Galiardi - PP : Devante Smith-Pelly, Richard Panik - PK : Devante Smith-Pelly
Extra Defensemen
Normal : Vince Dunn, Luke Schenn, Mikhail Sergachev - PP : Cale Makar - PK : Cale Makar, Mikhail Sergachev
Penalty Shots
Milan Lucic, Sean Couturier, Tomas Hertl, Ryan Strome, Devante Smith-Pelly
Scratches
None
% Time on Ice - Blues
Lines # - Real PCT - Wanted PCT - Time Play
Normal Forward
1 - 36% - 40% - 18:35
2 - 32% - 30% - 16:32
3 - 20% - 20% - 10:21
4 - 13% - 10% - 6:36
Normal Defense
1 - 38% - 40% - 19:49
2 - 33% - 30% - 17:04
3 - 19% - 20% - 9:45
4 - 10% - 10% - 5:26
PP Forward
1 - 83% - 60% - 1:39
2 - 17% - 40% - 0:20
PP Defense
1 - 66% - 60% - 1:19
2 - 34% - 40% - 0:40
PK Forward
1 - 83% - 60% - 4:58
2 - 17% - 40% - 0:59
PK Defense
1 - 75% - 60% - 4:26
2 - 25% - 40% - 1:31
PK3 Forward
1 - 0% - 60%
2 - 0% - 40%
PK3 Defense
1 - 0% - 60%
2 - 0% - 40%
44 Forward
1 - 0% - 60%
2 - 0% - 40%
44 Defense
1 - 0% - 60%
2 - 0% - 40%
Last Minute Offensive - 0:00
Last Minute Defensive - 0:00
Total
Forward - 60:00
Defense - 60:00
|
% Time on Ice - Rangers
Lines # - Real PCT - Wanted PCT - Time Play
Normal Forward
1 - 34% - 35% - 17:27
2 - 28% - 30% - 14:41
3 - 21% - 20% - 10:59
4 - 17% - 15% - 8:57
Normal Defense
1 - 30% - 30% - 15:24
2 - 31% - 30% - 16:20
3 - 31% - 30% - 16:22
4 - 8% - 10% - 3:58
PP Forward
1 - 52% - 60% - 3:06
2 - 48% - 40% - 2:51
PP Defense
1 - 62% - 60% - 3:42
2 - 38% - 40% - 2:15
PK Forward
1 - 87% - 60% - 1:44
2 - 13% - 40% - 0:15
PK Defense
1 - 53% - 60% - 1:03
2 - 47% - 40% - 0:56
PK3 Forward
1 - 0% - 60%
2 - 0% - 40%
PK3 Defense
1 - 0% - 60%
2 - 0% - 40%
44 Forward
1 - 0% - 60%
2 - 0% - 40%
44 Defense
1 - 0% - 60%
2 - 0% - 40%
Last Minute Offensive - 0:00
Last Minute Defensive - 0:00
Total
Forward - 60:00
Defense - 60:00
|
Play-by-Play
1st period
0:01 of 1st period - Tyler Seguin wins face-off versus Ryan Strome in neutral zone.
0:08 of 1st period - Slapshot by Alex Pietrangelo.
0:08 of 1st period - Stopped by Frederik Andersen with a rebound.
0:47 of 1st period - Off-side.
0:48 of 1st period - Henrik Samuelsson wins face-off versus Devin Shore in neutral zone.
0:59 of 1st period - Wrist shot by Matt Martin.
0:59 of 1st period - Shot Blocked by Henrik Samuelsson.
1:07 of 1st period - Dmitry Kulikov is hit by Devin Shore and loses puck.
1:18 of 1st period - Jacob Slavin is hit by Dmitry Kulikov and loses puck.
1:26 of 1st period - Icing by Devin Setoguchi.
1:27 of 1st period - Devin Shore wins face-off versus Maxime Sauvé in Blues zone.
1:32 of 1st period - Richard Panik is hit by Matt Martin and loses puck.
1:37 of 1st period - Backhand shot by Matt Martin.
1:37 of 1st period - Shot Blocked by Richard Panik.
1:39 of 1st period - Slapshot by Martin Marincin.
1:39 of 1st period - Stopped by Frederik Andersen without a rebound.
1:40 of 1st period - Sean Couturier wins face-off versus Tyler Seguin in Rangers zone.
1:51 of 1st period - Snap shot by Sean Couturier.
1:51 of 1st period - Shot Misses the Net.
1:55 of 1st period - Wrist shot by Sean Couturier.
1:55 of 1st period - Stopped by Carey Price with a rebound.
4:09 of 1st period - Martin Marincin is hit by Devante Smith-Pelly and loses puck.
4:26 of 1st period - Slapshot by Nathan MacKinnon.
4:26 of 1st period - Stopped by Frederik Andersen with a rebound.
4:28 of 1st period - Snap shot by Jacob Slavin.
4:28 of 1st period - Stopped by Frederik Andersen without a rebound.
4:29 of 1st period - Nathan MacKinnon wins face-off versus Sean Couturier in Rangers zone.
4:38 of 1st period - Snap shot by Nikolaj Ehlers.
4:38 of 1st period - Stopped by Frederik Andersen with a rebound.
4:56 of 1st period - Dmitry Kulikov is hit by Cody Ceci and loses puck.
5:03 of 1st period - Slapshot by Alex Pietrangelo.
5:03 of 1st period - Deflect By Tyler Seguin.
5:03 of 1st period - Stopped by Frederik Andersen with a rebound.
5:05 of 1st period - Snap shot by Filip Forsberg.
5:05 of 1st period - Stopped by Frederik Andersen with a rebound.
5:07 of 1st period - Snap shot by Tyler Johnson.
5:07 of 1st period - Shot Blocked by Dmitry Kulikov.
5:39 of 1st period - Wrist shot by Magnus Paajarvi.
5:39 of 1st period - Stopped by Carey Price without a rebound.
5:40 of 1st period - Drew Shore wins face-off versus Sean Couturier in Blues zone.
6:07 of 1st period - Filip Forsberg is hit by T.J Galiardi and loses puck.
6:29 of 1st period - Slapshot by Devante Smith-Pelly.
6:29 of 1st period - Shot Misses the Net.
6:35 of 1st period - Patrik Nemeth is hit by Seth Jones and loses puck.
7:00 of 1st period - Wrist shot by Devin Setoguchi.
7:00 of 1st period - Stopped by Frederik Andersen with a rebound.
7:22 of 1st period - Mikhail Sergachev is hit by Samuel Morin and loses puck.
7:33 of 1st period - Snap shot by Tyler Seguin.
7:33 of 1st period - Stopped by Frederik Andersen with a rebound.
7:35 of 1st period - Snap shot by Tyler Seguin.
7:35 of 1st period - Shot Misses the Net.
7:37 of 1st period - Slapshot by Tyler Seguin.
7:37 of 1st period - Stopped by Frederik Andersen with a rebound.
7:39 of 1st period - Snap shot by Tyler Seguin.
7:39 of 1st period - Stopped by Frederik Andersen with a rebound.
8:00 of 1st period - Patrik Nemeth is hit by David Perron and loses puck.
8:15 of 1st period - Snap shot by Sean Couturier.
8:15 of 1st period - Shot Blocked by Brandon Montour.
8:17 of 1st period - Snap shot by Patrik Nemeth.
8:17 of 1st period - Shot Misses the Net.
8:19 of 1st period - Backhand shot by Sean Couturier.
8:19 of 1st period - Shot Misses the Net.
8:21 of 1st period - Snap shot by Sean Couturier.
8:21 of 1st period - Stopped by Carey Price with a rebound.
8:35 of 1st period - Backhand shot by Alex Pietrangelo.
8:35 of 1st period - Stopped by Frederik Andersen without a rebound.
8:36 of 1st period - Maxime Sauvé wins face-off versus Tyler Seguin in Rangers zone.
8:41 of 1st period - Slapshot by Luke Schenn.
8:41 of 1st period - Stopped by Carey Price with a rebound.
9:01 of 1st period - Milan Lucic is hit by David Perron and loses puck.
9:12 of 1st period - Wrist shot by Milan Lucic.
9:12 of 1st period - Stopped by Carey Price with a rebound.
9:24 of 1st period - Wrist shot by Milan Lucic.
9:24 of 1st period - Shot Misses the Net.
9:26 of 1st period - Slapshot by Vince Dunn.
9:26 of 1st period - Shot Misses the Net.
9:28 of 1st period - Slapshot by Luke Schenn.
9:28 of 1st period - Stopped by Carey Price with a rebound.
9:30 of 1st period - Slapshot by Stefan Noesen.
9:30 of 1st period - Deflect By Matt Martin.
9:30 of 1st period - Stopped by Carey Price with a rebound.
9:32 of 1st period - Snap shot by Stefan Noesen.
9:32 of 1st period - Shot Misses the Net.
9:34 of 1st period - Slapshot by Luke Schenn.
9:34 of 1st period - Deflect By Tomas Hertl.
9:34 of 1st period - Shot Blocked by Brandon Montour.
9:34 of 1st period - Puck is out of play.
9:35 of 1st period - Tyler Johnson wins face-off versus Tomas Hertl in Blues zone.
9:46 of 1st period - Snap shot by Tyler Johnson.
9:46 of 1st period - Stopped by Frederik Andersen with a rebound.
9:48 of 1st period - Snap shot by Tyler Johnson.
9:48 of 1st period - Shot Misses the Net.
10:10 of 1st period - Sean Couturier is hit by David Perron and loses puck.
10:19 of 1st period - Brandon Montour is hit by Milan Lucic and loses puck.
11:06 of 1st period - Slapshot by Alex Pietrangelo.
11:06 of 1st period - Shot Misses the Net.
11:08 of 1st period - Snap shot by Alex Pietrangelo.
11:08 of 1st period - Shot Misses the Net.
11:10 of 1st period - Snap shot by Alex Pietrangelo.
11:10 of 1st period - Shot Blocked by Dmitry Kulikov.
11:12 of 1st period - Slapshot by Alex Pietrangelo.
11:12 of 1st period - Shot Blocked by Milan Lucic.
11:14 of 1st period - Slapshot by Alex Pietrangelo.
11:14 of 1st period - Deflect By Nathan MacKinnon.
11:14 of 1st period - Shot Misses the Net.
11:14 of 1st period - Puck is out of play.
11:15 of 1st period - Tyler Seguin wins face-off versus Tomas Hertl in Rangers zone.
11:16 of 1st period - Snap shot by Tyler Johnson.
11:16 of 1st period - Shot Misses the Net.
11:18 of 1st period - Slapshot by Cody Ceci.
11:18 of 1st period - Deflect By Tyler Johnson.
11:18 of 1st period - Stopped by Frederik Andersen with a rebound.
11:28 of 1st period - Snap shot by Tyler Johnson.
11:28 of 1st period - Shot Misses the Net.
11:30 of 1st period - Backhand shot by Cody Ceci.
11:30 of 1st period - Shot Blocked by Luke Schenn.
11:32 of 1st period - Slapshot by Seth Jones.
11:32 of 1st period - Shot Blocked by Luke Schenn.
11:42 of 1st period - Luke Schenn is hit by Seth Jones and loses puck.
12:26 of 1st period - Off-side.
12:27 of 1st period - Tyler Seguin wins face-off versus Maxime Sauvé in neutral zone.
12:38 of 1st period - Wrist shot by Tyler Johnson.
12:38 of 1st period - Stopped by Frederik Andersen with a rebound.
12:58 of 1st period - Snap shot by Ryan Dzingel.
12:58 of 1st period - Stopped by Carey Price with a rebound.
13:02 of 1st period - Snap shot by Ryan Dzingel.
13:02 of 1st period - Shot Blocked by Seth Jones.
13:22 of 1st period - Slapshot by Seth Jones.
13:22 of 1st period - Stopped by Frederik Andersen without a rebound.
13:23 of 1st period - Nick Schmaltz wins face-off versus Tomas Hertl in Rangers zone.
13:38 of 1st period - Snap shot by Nick Schmaltz.
13:38 of 1st period - Stopped by Frederik Andersen with a rebound.
14:14 of 1st period - Snap shot by Stefan Noesen.
14:14 of 1st period - Stopped by Carey Price without a rebound.
14:15 of 1st period - Sean Couturier wins face-off versus Tyler Seguin in Blues zone.
14:32 of 1st period - Slapshot by Tyler Seguin.
14:32 of 1st period - Shot Blocked by Luke Schenn.
15:06 of 1st period - Backhand shot by T.J Galiardi.
15:06 of 1st period - Shot Misses the Net.
15:57 of 1st period - Nick Schmaltz is hit by Magnus Paajarvi and loses puck.
16:17 of 1st period - Snap shot by Nikolaj Ehlers.
16:17 of 1st period - Deflect By Nathan MacKinnon.
16:17 of 1st period - Shot Misses the Net.
16:17 of 1st period - Puck is out of play.
16:18 of 1st period - Henrik Samuelsson wins face-off versus Tyler Seguin in Rangers zone.
16:27 of 1st period - Snap shot by Devante Smith-Pelly.
16:27 of 1st period - Stopped by Carey Price with a rebound.
16:29 of 1st period - Wrist shot by Devante Smith-Pelly.
16:29 of 1st period - Shot Misses the Net.
16:31 of 1st period - Slapshot by Devante Smith-Pelly.
16:31 of 1st period - Stopped by Carey Price with a rebound.
16:45 of 1st period - Filip Forsberg is hit by Tomas Hertl and loses puck.
17:10 of 1st period - Slapshot by Sean Couturier.
17:10 of 1st period - Shot Misses the Net.
17:12 of 1st period - Wrist shot by Milan Lucic.
17:12 of 1st period - Deflect By Sean Couturier.
17:12 of 1st period - Stopped by Carey Price without a rebound.
17:13 of 1st period - Nathan MacKinnon wins face-off versus Sean Couturier in Blues zone.
17:20 of 1st period - Brandon Montour is hit by Ryan Strome.
17:26 of 1st period - Wrist shot by Nathan MacKinnon.
17:26 of 1st period - Goal by Nathan MacKinnon - Blues : 1 - Rangers : 0.
17:27 of 1st period - Tyler Seguin wins face-off versus Sean Couturier in neutral zone.
17:30 of 1st period - Ryan Strome is hit by Tyler Seguin and loses puck.
17:58 of 1st period - Icing by Jacob Slavin.
17:59 of 1st period - Tomas Hertl wins face-off versus David Perron in Blues zone.
18:10 of 1st period - Snap shot by Tomas Hertl.
18:10 of 1st period - Shot Blocked by Jacob Slavin.
18:12 of 1st period - Snap shot by Tomas Hertl.
18:12 of 1st period - Stopped by Carey Price with a rebound.
18:53 of 1st period - Off-side.
18:54 of 1st period - Tyler Seguin wins face-off versus Milan Lucic in neutral zone.
18:59 of 1st period - Alex Pietrangelo is hit by Sean Couturier and loses puck.
19:08 of 1st period - Slapshot by Alex Pietrangelo.
19:08 of 1st period - Shot Misses the Net.
19:44 of 1st period - Slapshot by T.J Galiardi.
19:44 of 1st period - Stopped by Carey Price with a rebound.
19:46 of 1st period - Wrist shot by Richard Panik.
19:46 of 1st period - Shot Misses the Net.
19:48 of 1st period - Snap shot by Maxime Sauvé.
19:48 of 1st period - Stopped by Carey Price without a rebound.
19:49 of 1st period - Maxime Sauvé wins face-off versus Tyler Seguin in Blues zone.
19:50 of 1st period - Wrist shot by Richard Panik.
19:50 of 1st period - Stopped by Carey Price with a rebound.
19:59 of 1st period - Off-side.
Goals for this period are 1 for Blues vs 0 for Rangers.
Shots for this period are 18 for Blues vs 16 for Rangers.
2nd period
0:01 of 2nd period - Sean Couturier wins face-off versus Filip Forsberg in neutral zone.
0:55 of 2nd period - Wrist shot by Matt Martin.
0:55 of 2nd period - Goal by Matt Martin - Blues : 2 - Rangers : 0.
0:56 of 2nd period - Tyler Seguin wins face-off versus Sean Couturier in neutral zone.
1:27 of 2nd period - Snap shot by Nathan MacKinnon.
1:27 of 2nd period - Stopped by Frederik Andersen with a rebound.
1:31 of 2nd period - Slapshot by Nathan MacKinnon.
1:31 of 2nd period - Stopped by Frederik Andersen without a rebound.
1:32 of 2nd period - David Perron wins face-off versus Henrik Samuelsson in Rangers zone.
1:59 of 2nd period - Tyler Seguin is hit by Milan Lucic and loses puck.
3:09 of 2nd period - Minor Penalty to Nikolaj Ehlers for Hooking.
3:10 of 2nd period - Sean Couturier wins face-off versus Drew Shore in Blues zone.
3:45 of 2nd period - Slapshot by Devante Smith-Pelly.
3:45 of 2nd period - Deflect By Tomas Hertl.
3:45 of 2nd period - Stopped by Carey Price without a rebound.
3:46 of 2nd period - Drew Shore wins face-off versus Sean Couturier in Blues zone.
4:27 of 2nd period - Off-side.
4:28 of 2nd period - Sean Couturier wins face-off versus Drew Shore in neutral zone.
5:09 of 2nd period - Penalty to Nikolaj Ehlers is over, Nikolaj Ehlers is back on ice.
5:18 of 2nd period - Snap shot by Devin Shore.
5:18 of 2nd period - Shot Misses the Net.
5:20 of 2nd period - Slapshot by Jacob Slavin.
5:20 of 2nd period - Stopped by Frederik Andersen with a rebound.
5:22 of 2nd period - Snap shot by Matt Martin.
5:22 of 2nd period - Shot Blocked by Maxime Sauvé.
5:24 of 2nd period - Snap shot by Devin Setoguchi.
5:24 of 2nd period - Shot Blocked by T.J Galiardi.
6:22 of 2nd period - Snap shot by Samuel Morin.
6:22 of 2nd period - Stopped by Frederik Andersen without a rebound.
6:23 of 2nd period - Nathan MacKinnon wins face-off versus Sean Couturier in Rangers zone.
6:32 of 2nd period - Snap shot by Nikolaj Ehlers.
6:32 of 2nd period - Stopped by Frederik Andersen without a rebound.
6:33 of 2nd period - Sean Couturier wins face-off versus Nathan MacKinnon in Rangers zone.
6:49 of 2nd period - Minor Penalty to Ryan Strome for Hooking.
6:50 of 2nd period - Tyler Seguin wins face-off versus Maxime Sauvé in Rangers zone.
6:50 of 2nd period - Slapshot by Tyler Johnson.
6:50 of 2nd period - Shot Blocked by Luke Schenn.
7:06 of 2nd period - Slapshot by T.J Galiardi.
7:06 of 2nd period - Shot Misses the Net.
7:56 of 2nd period - Magnus Paajarvi is hit by Tyler Johnson and loses puck.
8:05 of 2nd period - Tyler Seguin is hit by Mikhail Sergachev and loses puck.
8:12 of 2nd period - Dmitry Kulikov is hit by Tyler Seguin and loses puck.
8:21 of 2nd period - Devante Smith-Pelly is hit by Alex Pietrangelo and loses puck.
8:40 of 2nd period - Luke Schenn is hit by Filip Forsberg and loses puck.
8:49 of 2nd period - Penalty to Ryan Strome is over, Ryan Strome is back on ice.
8:50 of 2nd period - Icing by Tyler Johnson.
8:51 of 2nd period - Sean Couturier wins face-off versus Filip Forsberg in Blues zone.
8:54 of 2nd period - Snap shot by Milan Lucic.
8:54 of 2nd period - Goal by Milan Lucic - Blues : 2 - Rangers : 1.
8:55 of 2nd period - Ryan Strome wins face-off versus Nathan MacKinnon in neutral zone.
9:11 of 2nd period - Off-side.
9:12 of 2nd period - Tomas Hertl wins face-off versus Devin Shore in neutral zone.
9:26 of 2nd period - Snap shot by Cale Makar.
9:26 of 2nd period - Deflect By Tomas Hertl.
9:26 of 2nd period - Stopped by Carey Price without a rebound.
9:27 of 2nd period - Sean Couturier wins face-off versus Nathan MacKinnon in Blues zone.
9:30 of 2nd period - Snap shot by Milan Lucic.
9:30 of 2nd period - Stopped by Carey Price with a rebound.
9:32 of 2nd period - Wrist shot by Sean Couturier.
9:32 of 2nd period - Stopped by Carey Price with a rebound.
9:34 of 2nd period - Snap shot by Sean Couturier.
9:34 of 2nd period - Shot Misses the Net.
9:36 of 2nd period - Wrist shot by Patrik Nemeth.
9:36 of 2nd period - Goal by Patrik Nemeth - Blues : 2 - Rangers : 2.
9:37 of 2nd period - Sean Couturier wins face-off versus Tyler Seguin in neutral zone.
10:04 of 2nd period - Vince Dunn is hit by Alex Pietrangelo and loses puck.
12:18 of 2nd period - Wrist shot by T.J Galiardi.
12:18 of 2nd period - Stopped by Carey Price with a rebound.
12:36 of 2nd period - Slapshot by Cale Makar.
12:36 of 2nd period - Stopped by Carey Price without a rebound.
12:37 of 2nd period - Nathan MacKinnon wins face-off versus Tomas Hertl in Blues zone.
12:37 of 2nd period - Nathan MacKinnon is hit by Stefan Noesen.
13:02 of 2nd period - Milan Lucic is hit by Cody Ceci and loses puck.
13:43 of 2nd period - Henrik Samuelsson is hit by Nick Schmaltz and loses puck.
13:51 of 2nd period - Icing by Devante Smith-Pelly.
13:52 of 2nd period - Henrik Samuelsson wins face-off versus Tyler Seguin in Rangers zone.
14:23 of 2nd period - Snap shot by Devante Smith-Pelly.
14:23 of 2nd period - Stopped by Carey Price without a rebound.
14:24 of 2nd period - Sean Couturier wins face-off versus Nathan MacKinnon in Blues zone.
14:35 of 2nd period - Brandon Montour is hit by Sean Couturier and loses puck.
15:34 of 2nd period - Nick Schmaltz is hit by Ryan Strome and loses puck.
15:53 of 2nd period - Devante Smith-Pelly is hit by Nikolaj Ehlers.
15:57 of 2nd period - Jacob Slavin is hit by Henrik Samuelsson and loses puck.
17:03 of 2nd period - Wrist shot by David Perron.
17:03 of 2nd period - Shot Blocked by Cale Makar.
17:17 of 2nd period - Wrist shot by Tyler Seguin.
17:17 of 2nd period - Stopped by Frederik Andersen without a rebound.
17:18 of 2nd period - Tyler Seguin wins face-off versus Tomas Hertl in Rangers zone.
17:27 of 2nd period - Wrist shot by Tyler Seguin.
17:27 of 2nd period - Deflect By Tyler Johnson.
17:27 of 2nd period - Shot Blocked by Tomas Hertl.
17:27 of 2nd period - Puck is out of play.
17:28 of 2nd period - Tyler Seguin wins face-off versus Tomas Hertl in Rangers zone.
18:34 of 2nd period - Vince Dunn is hit by Tyler Seguin and loses puck.
19:03 of 2nd period - Snap shot by Samuel Morin.
19:03 of 2nd period - Stopped by Frederik Andersen without a rebound.
19:04 of 2nd period - Sean Couturier wins face-off versus David Perron in Rangers zone.
Goals for this period are 1 for Blues vs 2 for Rangers.
Shots for this period are 8 for Blues vs 9 for Rangers.
3rd period
0:01 of 3rd period - Sean Couturier wins face-off versus Tyler Seguin in neutral zone.
0:03 of 3rd period - Off-side.
0:04 of 3rd period - Tyler Seguin wins face-off versus Ryan Strome in neutral zone.
0:18 of 3rd period - Icing by Seth Jones.
0:19 of 3rd period - Tyler Seguin wins face-off versus Tomas Hertl in Blues zone.
0:36 of 3rd period - Slapshot by Filip Forsberg.
0:36 of 3rd period - Shot Blocked by Dmitry Kulikov.
0:52 of 3rd period - Wrist shot by David Perron.
0:52 of 3rd period - Stopped by Frederik Andersen without a rebound.
0:53 of 3rd period - Sean Couturier wins face-off versus Nathan MacKinnon in Rangers zone.
1:32 of 3rd period - Slapshot by Nathan MacKinnon.
1:32 of 3rd period - Goal by Nathan MacKinnon - Blues : 3 - Rangers : 2.
1:33 of 3rd period - Sean Couturier wins face-off versus Tyler Seguin in neutral zone.
2:15 of 3rd period - Slapshot by Seth Jones.
2:15 of 3rd period - Shot Misses the Net.
3:01 of 3rd period - Slapshot by Ryan Dzingel.
3:01 of 3rd period - Stopped by Carey Price without a rebound.
3:02 of 3rd period - Nathan MacKinnon wins face-off versus Sean Couturier in Blues zone.
3:37 of 3rd period - Snap shot by Matt Martin.
3:37 of 3rd period - Stopped by Frederik Andersen without a rebound.
3:38 of 3rd period - Devin Shore wins face-off versus Maxime Sauvé in Rangers zone.
3:45 of 3rd period - Slapshot by T.J Galiardi.
3:45 of 3rd period - Shot Misses the Net.
3:47 of 3rd period - Snap shot by T.J Galiardi.
3:47 of 3rd period - Shot Misses the Net.
3:49 of 3rd period - Snap shot by Dmitry Kulikov.
3:49 of 3rd period - Deflect By Cody Ceci.
3:49 of 3rd period - Stopped by Carey Price with a rebound.
4:03 of 3rd period - Vince Dunn is hit by Nikolaj Ehlers and loses puck.
4:12 of 3rd period - Snap shot by David Perron.
4:12 of 3rd period - Shot Misses the Net.
4:14 of 3rd period - Wrist shot by Nathan MacKinnon.
4:14 of 3rd period - Goal by Nathan MacKinnon - Blues : 4 - Rangers : 2.
4:15 of 3rd period - Sean Couturier wins face-off versus Tyler Seguin in neutral zone.
5:09 of 3rd period - Off-side.
5:10 of 3rd period - Tyler Seguin wins face-off versus Sean Couturier in neutral zone.
5:12 of 3rd period - Off-side.
5:13 of 3rd period - Sean Couturier wins face-off versus Tyler Seguin in neutral zone.
6:00 of 3rd period - Snap shot by Seth Jones.
6:00 of 3rd period - Shot Blocked by Milan Lucic.
6:28 of 3rd period - Slapshot by Seth Jones.
6:28 of 3rd period - Shot Blocked by Luke Schenn.
6:30 of 3rd period - Wrist shot by Filip Forsberg.
6:30 of 3rd period - Deflect By Tyler Johnson.
6:30 of 3rd period - Stopped by Frederik Andersen without a rebound.
6:31 of 3rd period - Nathan MacKinnon wins face-off versus Tomas Hertl in Rangers zone.
6:34 of 3rd period - Snap shot by Nathan MacKinnon.
6:34 of 3rd period - Goal by Nathan MacKinnon - Blues : 5 - Rangers : 2.
6:35 of 3rd period - Nathan MacKinnon wins face-off versus Tomas Hertl in neutral zone.
6:40 of 3rd period - Wrist shot by Nikolaj Ehlers.
6:40 of 3rd period - Shot Blocked by Vince Dunn.
7:00 of 3rd period - Ryan Dzingel is hit by Matt Martin and loses puck.
8:08 of 3rd period - Snap shot by Ryan Strome.
8:08 of 3rd period - Stopped by Carey Price without a rebound.
8:09 of 3rd period - Sean Couturier wins face-off versus Tyler Seguin in Blues zone.
8:13 of 3rd period - Minor Penalty to Filip Forsberg for Elbowing.
8:14 of 3rd period - Drew Shore wins face-off versus Sean Couturier in Blues zone.
8:14 of 3rd period - Drew Shore is hit by Sean Couturier.
8:41 of 3rd period - Drew Shore is hit by Magnus Paajarvi.
8:45 of 3rd period - Snap shot by Magnus Paajarvi.
8:45 of 3rd period - Shot Misses the Net.
8:47 of 3rd period - Snap shot by Tomas Hertl.
8:47 of 3rd period - Stopped by Carey Price with a rebound.
9:09 of 3rd period - Jacob Slavin is hit by Dmitry Kulikov.
9:13 of 3rd period - Milan Lucic is hit by Devin Shore and loses puck.
9:48 of 3rd period - Luke Schenn is hit by David Perron and loses puck.
10:13 of 3rd period - Penalty to Filip Forsberg is over, Filip Forsberg is back on ice.
10:28 of 3rd period - Icing by Maxime Sauvé.
10:29 of 3rd period - Maxime Sauvé wins face-off versus Nathan MacKinnon in Rangers zone.
10:34 of 3rd period - Wrist shot by Nikolaj Ehlers.
10:34 of 3rd period - Stopped by Frederik Andersen with a rebound.
10:36 of 3rd period - Slapshot by Alex Pietrangelo.
10:36 of 3rd period - Deflect By David Perron.
10:36 of 3rd period - Stopped by Frederik Andersen with a rebound.
10:38 of 3rd period - Wrist shot by Nikolaj Ehlers.
10:38 of 3rd period - Stopped by Frederik Andersen without a rebound.
10:39 of 3rd period - Nathan MacKinnon wins face-off versus Sean Couturier in Rangers zone.
11:14 of 3rd period - Slapshot by Devin Shore.
11:14 of 3rd period - Shot Misses the Net.
11:16 of 3rd period - Snap shot by Devin Shore.
11:16 of 3rd period - Stopped by Frederik Andersen with a rebound.
11:40 of 3rd period - Snap shot by Ryan Dzingel.
11:40 of 3rd period - Stopped by Carey Price with a rebound.
12:40 of 3rd period - Snap shot by Filip Forsberg.
12:40 of 3rd period - Shot Misses the Net.
13:08 of 3rd period - Wrist shot by Tyler Seguin.
13:08 of 3rd period - Shot Misses the Net.
13:10 of 3rd period - Wrist shot by Tyler Johnson.
13:10 of 3rd period - Stopped by Frederik Andersen without a rebound.
13:11 of 3rd period - Tomas Hertl wins face-off versus David Perron in Rangers zone.
13:11 of 3rd period - Tomas Hertl is hit by Brandon Montour.
13:37 of 3rd period - Nikolaj Ehlers is hit by Maxime Sauvé and loses puck.
14:25 of 3rd period - Slapshot by Nathan MacKinnon.
14:25 of 3rd period - Shot Misses the Net.
14:27 of 3rd period - Slapshot by Alex Pietrangelo.
14:27 of 3rd period - Stopped by Frederik Andersen without a rebound.
14:28 of 3rd period - Devante Smith-Pelly wins face-off versus Devin Shore in Rangers zone.
14:33 of 3rd period - Luke Schenn is hit by Seth Jones and loses puck.
14:42 of 3rd period - Devante Smith-Pelly is hit by Martin Marincin and loses puck.
15:05 of 3rd period - Mikhail Sergachev is hit by Nick Schmaltz and loses puck.
15:14 of 3rd period - Jacob Slavin is hit by Magnus Paajarvi and loses puck.
15:19 of 3rd period - Snap shot by Tomas Hertl.
15:19 of 3rd period - Stopped by Carey Price with a rebound.
15:21 of 3rd period - Slapshot by Patrik Nemeth.
15:21 of 3rd period - Deflect By Jacob Slavin.
15:21 of 3rd period - Stopped by Carey Price without a rebound.
15:22 of 3rd period - Tyler Seguin wins face-off versus Sean Couturier in Blues zone.
15:49 of 3rd period - Devante Smith-Pelly is hit by Matt Martin and loses puck.
16:00 of 3rd period - Snap shot by Ryan Dzingel.
16:00 of 3rd period - Stopped by Carey Price with a rebound.
16:06 of 3rd period - Minor Penalty to Matt Martin for High sticking.
16:07 of 3rd period - Drew Shore wins face-off versus Sean Couturier in Blues zone.
16:18 of 3rd period - Drew Shore is hit by Luke Schenn and loses puck.
16:34 of 3rd period - Icing by Magnus Paajarvi.
16:35 of 3rd period - Magnus Paajarvi wins face-off versus Drew Shore in Rangers zone.
16:46 of 3rd period - Slapshot by Tomas Hertl.
16:46 of 3rd period - Stopped by Carey Price without a rebound.
16:47 of 3rd period - Sean Couturier wins face-off versus Drew Shore in Blues zone.
16:48 of 3rd period - Snap shot by Milan Lucic.
16:48 of 3rd period - Shot Misses the Net.
16:50 of 3rd period - Wrist shot by Sean Couturier.
16:50 of 3rd period - Deflect By Milan Lucic.
16:50 of 3rd period - Shot Misses the Net.
16:50 of 3rd period - Puck is out of play.
16:51 of 3rd period - Drew Shore wins face-off versus Sean Couturier in Blues zone.
17:00 of 3rd period - Snap shot by Sean Couturier.
17:00 of 3rd period - Shot Misses the Net.
17:02 of 3rd period - Wrist shot by Sean Couturier.
17:02 of 3rd period - Shot Misses the Net.
17:04 of 3rd period - Slapshot by Luke Schenn.
17:04 of 3rd period - Stopped by Carey Price with a rebound.
17:06 of 3rd period - Snap shot by Luke Schenn.
17:06 of 3rd period - Shot Misses the Net.
17:08 of 3rd period - Snap shot by Milan Lucic.
17:08 of 3rd period - Deflect By Tyler Johnson.
17:08 of 3rd period - Stopped by Carey Price without a rebound.
17:09 of 3rd period - Tomas Hertl wins face-off versus Drew Shore in Blues zone.
17:24 of 3rd period - Slapshot by Cale Makar.
17:24 of 3rd period - Shot Blocked by Drew Shore.
17:26 of 3rd period - Slapshot by Cale Makar.
17:26 of 3rd period - Shot Blocked by Cody Ceci.
18:06 of 3rd period - Penalty to Matt Martin is over, Matt Martin is back on ice.
18:35 of 3rd period - Patrik Nemeth is hit by Nikolaj Ehlers and loses puck.
19:05 of 3rd period - Wrist shot by Nikolaj Ehlers.
19:05 of 3rd period - Deflect By David Perron.
19:05 of 3rd period - Goal by David Perron - Blues : 6 - Rangers : 2.
19:06 of 3rd period - Tyler Seguin wins face-off versus Sean Couturier in neutral zone.
19:13 of 3rd period - Slapshot by Cody Ceci.
19:13 of 3rd period - Shot Misses the Net.
19:33 of 3rd period - Magnus Paajarvi is hit by Matt Martin and loses puck.
Goals for this period are 4 for Blues vs 0 for Rangers.
Shots for this period are 13 for Blues vs 11 for Rangers.
Output by the SimonT Hockey Simulator (STHS) for Francois Prevost